 Dungeon Crawl Stone Soup version 0.31-a0-841-g038b102fc3 (webtiles) character file.

Game seed: 2607732946137913517

770 Kurtz the Cleaver (level 7, -5/46 HPs)
             Began as an Octopode Fighter on Sept 28, 2023.
             Killed from afar by an orc wizard (6 damage)
             ... with a puff of flame
             ... on level 5 of the Dungeon.
             The game lasted 00:03:10 (3904 turns).

Kurtz the Cleaver (Octopode Fighter)                Turns: 3904, Time: 00:03:12

Health: -5/46      AC:  1    Str: 18    XL:     7   Next: 83%
Magic:  16/16      EV: 13    Int: 10    God:
Gold:   238        SH:  4    Dex: 11    Spells: 6/6 levels left

rFire   . . .        m - +0 mace (venom)
rCold   . . .        b - +0 buckler
rNeg    + . .        (helmet restricted)
rPois   .            (no amulet)
rElec   .            k - ring of positive energy
rCorr   .            l - ring of magical power
SInv    .            (no ring)
Will    .....        (no ring)
Stlth   ++           (no ring)
HPRegen 0.27/turn    (no ring)
MPRegen 0.15/turn    (no ring)
                     (no ring)

%: no passive effects
@: mighty
A: almost no armour, amphibious, 8 rings, camouflage 1, gelatinous body 1,
(nimble swimmer 1), tentacles
a: no special abilities


You were on level 5 of the Dungeon.
You visited 1 branch of the dungeon, and saw 5 of its levels.

You collected 238 gold pieces.

Inventory:

Hand Weapons
 a - a +0 war axe
 m - a +0 mace of venom (weapon)
Armour
 b - a +0 buckler (worn)
Jewellery
 k - a ring of positive energy (left tentacle)
 l - a ring of magical power (right tentacle)
Scrolls
 f - a scroll of vulnerability {unknown}
 g - 3 scrolls of teleportation {unknown}
 i - 2 scrolls of enchant weapon {unknown}
 j - 2 scrolls of fog {unknown}
 n - a scroll of summoning {unknown}
 o - a scroll of enchant armour {unknown}
 p - a scroll of fear {unknown}
 q - a scroll of noise {unknown}
Potions
 d - a potion of curing {unknown}
 e - a potion of cancellation {unknown}
 h - 3 potions of attraction {unknown}


   Skills:
 - Level 3.0 Fighting
 * Level 8.7 Axes
 - Level 3.0 Dodging
 - Level 3.0 Shields


You had 6 spell levels left.
You didn't know any spells.
Your spell library contained the following spells:

 Spells                   Type           Power      Damage    Failure   Level
 Magic Dart               Conj           0%         1d3       43%         1
 Searing Ray              Conj           0%         2d4       58%         2
 Fulminant Prism          Conj/Hex       0%         3d5       99%         4


Dungeon Overview and Level Annotations

Branches:
Dungeon (5/15)
 Temple: D:4-7

Altars:
Cheibriados

Shops:
D:5 [

Annotations:
D:3 exclusion: downstairs
D:4 1 runed translucent door, Crazy Yiuf
D:5 exclusion: 3 doors


Innate Abilities, Weirdness & Mutations

You cannot wear most types of armour.
You are amphibious.
You can wear up to eight rings at the same time.
Your skin changes colour to match your surroundings (Stealth+).
Your rubbery body absorbs attacks. (AC +1, EV +1)
((You are camouflaged when in or above water. (Stealth+)))
You have tentacles for arms and can constrict up to eight enemies at once.


Message History

An orc and an orc priest come into view.
The orc shouts!
The orc priest shouts!
The orc wizard gestures wildly while chanting.
The orc wizard flickers and vanishes!
Deactivating autopickup; reactivate with Ctrl-A.
There is an open door here.
An orc priest comes into view. It is wielding a +0 hand axe.
Sigmund shouts!
Sigmund hits you from afar with a +1 vampiric scythe!
Sigmund closely misses you.
You closely miss Sigmund. Your grab misses Sigmund. Something hits you.
You feel very mighty all of a sudden. Sigmund closely misses you.
You thump Sigmund!
Sigmund is poisoned.
You grab Sigmund.
Sigmund is moderately wounded.
You constrict Sigmund. Something hits you. Sigmund barely misses you.
Unknown command.
You barely miss something.
Your tentacle-slap misses something.
Your squeeze misses something. You constrict Sigmund.
Sigmund points at you and mumbles some strange words.
The magic dart hits you! Something hits you.
Unknown command.
You sock Sigmund!
You kill Sigmund!
Something hits you but does no damage.
You completely miss something. Something hits you. The orc barely misses you.
You hit the orc.
The orc is poisoned.
Your grab misses the orc.
The orc is heavily wounded.
You kill the orc!
The orc priest invokes the aid of Beogh against you.
Beogh smites you!
* * * LOW HITPOINT WARNING * * *
Something barely misses you.
The orc priest mumbles some strange prayers to Beogh against you.
Beogh smites you!
* * * LOW HITPOINT WARNING * * *
You hear some strange, mumbled words.
A puff of flame appears from out of thin air!
The puff of flame hits you.
You die...

####..##~##...##
#....#######..∩# .#
#....#######..⌠#..#
#.##..##~##...##..#
#..##...##...##...#
##..##......##....#
##..########w....#
##.....###{oo....
#.....'.@)# .
#.....#####..
#.....# ##...
#.....+.....
#.....#..#
##...>...#
###..#### #..# #..#


You could see a worm and 2 orc priests.

Vanquished Creatures
  Sigmund (D:5)
  A black bear (D:5)
  A phantom (D:5)
  A kobold brigand (D:5)
  A howler monkey (D:4)
  2 jellies (D:5)
  An iguana (D:5)
  An orc wizard (D:4)
  A mummy (D:3)
  3 gnolls (D:4)
  8 adders
  2 ufetubi (D:5)
  2 worms
  5 dart slugs
  4 orcs
  7 endoplasms
  A giant cockroach (D:2)
  4 goblins
  8 hobgoblins
  2 jackals (D:2)
  2 quokkas
  5 ball pythons
  6 bats
  6 frilled lizards
  7 kobolds
  7 rats
89 creatures vanquished.

Notes
Turn   | Place    | Note
-------+----------+-------------------------------------------
     0 | D:1      | Kurtz the Octopode Fighter began the quest for the Orb.
     0 | D:1      | Reached XP level 1. HP: 16/16 MP: 1/1
    57 | D:1      | Reached XP level 2. HP: 21/21 MP: 2/2
    97 | D:1      | Reached skill level 3 in Axes
   831 | D:2      | Reached XP level 3. HP: 26/26 MP: 3/3
  1228 | D:2      | Reached skill level 4 in Axes
  1392 | D:2      | Reached XP level 4. HP: 29/31 MP: 4/4
  1991 | D:3      | Reached skill level 5 in Axes
  1991 | D:3      | Reached XP level 5. HP: 36/36 MP: 5/5
  2027 | D:3      | Found a snail-covered altar of Cheibriados.
  2782 | D:4      | Found a runed translucent door.
  2783 | D:4      | Noticed Crazy Yiuf
  2890 | D:4      | Reached skill level 6 in Axes
  2896 | D:4      | Noticed a black bear
  2898 | D:4      | Noticed a black bear
  2912 | D:4      | Reached XP level 6. HP: 23/42 MP: 6/6
  2914 | D:5      | Entered Level 5 of the Dungeon
  2989 | D:5      | Noticed a black bear
  3001 | D:5      | Killed a black bear
  3116 | D:5      | Reached skill level 7 in Axes
  3279 | D:5      | Noticed a slime creature
  3279 | D:5      | Noticed a slime creature
  3295 | D:5      | Reached XP level 7. HP: 9/46 MP: 7/7
  3733 | D:5      | Reached skill level 8 in Axes
  3852 | D:5      | Found Turambar's Dragon-Slaying Spoils.
  3894 | D:5      | Noticed Sigmund
  3902 | D:5      | Killed Sigmund
  3904 | D:5      | HP: 1/46 [orc priest/divine providence (12)]
  3904 | D:5      | Killed from afar by an orc wizard

Illustrated notes

Levels and vault maps discovered:
D:1:      lightli_arrival_lavapool, layout_basic
D:2:      layout_basic, corner_web_ring
D:3:      layout_loops_cross, slow_altar_2
D:4:      layout_gridville, trog_ov_bears_minmay,
          nicolae_temple_entry_ecumenical, serial_shops, shop,
          uniq_crazy_yiuf_cottage
D:5:      cheibrodos_fertilizer, layout_basic, nicolae_shop_dragon_depot,
          uniq_sigmund

Skill      XL: |  1  2  3  4  5  6  7 |
---------------+----------------------+-----
Axes           | 3 4 5 6 7 8 |  8.7
Fighting       | |  3.0
Dodging        | |  3.0
Shields        | |  3.0

Action                     |  1- 3 |  4- 6 |  7- 9 || total
---------------------------+-------+-------+-------++-------
  Melee: War axe           |    60 |    15 |       ||    75
         Constrict         |    16 |    23 |     4 ||    43
         Tentacles         |     9 |    24 |     4 ||    37
         Punch             |     1 |     5 |     1 ||     7
         Mace              |       |    79 |    28 ||   107
    Use: Potion            |       |       |     1 ||     1
   Stab: Sleeping          |     9 |     4 |       ||    13
 Armour: Skin              |    15 |    48 |    21 ||    84
  Dodge: Dodged            |    25 |    63 |    15 ||   103
  Block: Buckler           |    11 |    27 |     3 ||    41

Table legend: (Time is in decaauts)
 A = Elapsed time spent in this place.
 B = Non-inter-level travel time spent in this place.
 C = Inter-level travel time spent in this place.
 D = Time resting spent in this place.
 E = Time spent auto-exploring this place.
 F = Levels seen in this place.
 G = Mean time per level.
                   A        B        C        D        E       F      G
               +--------+--------+--------+--------+--------+-----+--------+
         Total |   3955 |   3791 |    164 |    623 |   2492 |   5 |  791.0 |
       Dungeon |   3955 |   3791 |    164 |    623 |   2492 |   5 |  791.0 |
               +--------+--------+--------+--------+--------+-----+--------+

Top non-repeatable levels by time:
     D:3: 1057 daAuts
     D:5: 999 daAuts
     D:1: 826 daAuts
     D:2: 616 daAuts
     D:4: 456 daAuts
